 Dungeon Crawl Stone Soup version 0.23.2-33-g5129a83184 (webtiles) character file.

Game seed: 17716560700365571440

93 DungeonDestroyer the Skirmisher (level 4, -8/41 HPs)
             Began as a Draconian Abyssal Knight on July 18, 2019.
             Was an Initiate of Lugonu.
             Mangled by Sigmund
             ... wielding a +0 scythe
              (10 damage)
             ... on level 2 of the Dungeon.
             The game lasted 00:05:20 (1615 turns).

DungeonDestroyer the Skirmisher (DrAK)              Turns: 1615, Time: 00:05:21

Health: -8/41      AC:  7    Str: 12 (14) XL:     4   Next: 36%
Magic:  5/5        EV: 12    Int: 12 (13) God:    Lugonu [......]
Gold:   82         SH:  0    Dex: 10 (11) Spells: 3/3 levels left

rFire    . . .     SeeInvis .   a - +5 hand axe
rCold    . . .     Gourm    .   (no shield)
rNeg     . . .     Faith    .   (armour unavailable)
rPois    .         Spirit   .   (helmet restricted)
rElec    .         Reflect  .   d - +1 cloak
rCorr    .         Harm     .   (no gloves)
MR       +....                  (no boots)
Stlth    +.........             (no amulet)
HPRegen  0.13/turn              k - ring of protection from magic
MPRegen  0.09/turn              (no ring)

@: no status effects
A: unfitting armour, cold-blooded, AC +5
a: Renounce Religion


You were on level 2 of the Dungeon.
You worshipped Lugonu.
Lugonu was noncommittal.
You were not hungry.

You visited 1 branch of the dungeon, and saw 2 of its levels.
You visited the Abyss 1 time.

You collected 82 gold pieces.

Inventory:

Hand Weapons
 a - a +5 hand axe (weapon)
Armour
 d - a +1 cloak (worn)
Jewellery
 k - a ring of protection from magic (left hand)
Scrolls
 c - 3 scrolls of remove curse
 f - a scroll of teleportation
 g - a scroll of identify
 i - 2 scrolls of immolation
Potions
 e - 2 potions of flight
 l - a potion of curing
Comestibles
 b - a ration
 j - 2 chunks of flesh


   Skills:
 + Level 4.3 Fighting
 + Level 3.1 Axes
 + Level 2.7 Dodging
 + Level 0.1 Stealth
 + Level 2.2 Invocations


You had 3 spell levels left.
You didn't know any spells.
Your spell library was empty.

Dungeon Overview and Level Annotations

Branches:
Dungeon (2/15)

Altars:

Annotations:
D:2 Sigmund


Innate Abilities, Weirdness & Mutations

Your plain brown scales are hard. (AC +5)
You cannot fit into any form of body armour.
You are cold-blooded and may be slowed by cold attacks.


Message History

You feel less confused. Something hits you.
You miss something. Something hits you but does no damage.
You miss something. Something hits you.
You closely miss something.
Your tail-slap misses something.
You closely miss something. Something hits you!
* * * LOW HITPOINT WARNING * * *
You miss something.
Your tail-slap misses something.
Something hits you.
* * * LOW HITPOINT WARNING * * *
You barely miss something. Something hits you but does no damage.
You hit something. You completely miss something. You tail-slap something.
Something hits you!
* * * LOW HITPOINT WARNING * * *
You barely miss something. You tail-slap something. Something hits you.
* * * LOW HITPOINT WARNING * * *
You barely miss something. Something hits you but does no damage.
You closely miss something. You closely miss something.
Something completely misses you.
You hit something. Something hits you!
You die...

#.# .... ... #.#
..... ...
#.#...... ...
#.#...... ...!
#.#......
.#...###.#..(...
.#.#.....>.......
._.#.#..@.......
#.#..#.{........
#..............
......#.....####.
#######'###.#
#....##.#
###....##.#
#......##'#######
####
#...............#
#...


There were no monsters in sight!

Vanquished Creatures
  Terence (D:2)
  Natasha (twice) (D:2)
  A worm (D:2)
  A leopard gecko (D:1)
  A ball python (D:2)
  A hobgoblin (D:1)
  A kobold (D:1)
  A bat (D:1)
  3 frilled lizards
  4 goblins
  2 rats (D:1)
18 creatures vanquished.

Notes
Turn   | Place    | Note
-------+----------+-------------------------------------------
     0 | Abyss:1  | DungeonDestroyer the Draconian Abyssal Knight began the
                  | quest for the Orb.
     0 | Abyss:1  | Reached XP level 1. HP: 19/19 MP: 2/2
    64 | Abyss:1  | Noticed a raiju
    89 | Abyss:1  | Noticed an orange demon
    99 | D:1      | Escaped the Abyss
   466 | D:1      | Reached XP level 2. HP: 27/27 MP: 3/3
   752 | D:2      | Noticed Terence
   772 | D:2      | Killed Terence
   772 | D:2      | Reached skill level 4 in Fighting
   772 | D:2      | Reached XP level 3. HP: 18/33 MP: 4/4
  1093 | D:2      | Noticed Natasha
  1102 | D:2      | Killed Natasha
  1407 | D:2      | Reached XP level 4. HP: 40/40 MP: 5/5
  1477 | D:2      | Noticed Natasha
  1482 | D:2      | Killed Natasha
  1581 | D:2      | Found a faded altar of an unknown god.
  1581 | D:2      | Noticed Sigmund
  1610 | D:2      | HP: 2/41 [something (7)]
  1615 | D:2      | Mangled by Sigmund

Skill      XL: |  1  2  3 |
---------------+----------+-----
Fighting       | 4 |  4.3
Axes           | 3 |  3.1
Dodging        | |  2.7
Stealth        | |  0.1
Invocations    | |  2.2

Action                   |  1- 3 |  4- 6 || total
-------------------------+-------+-------++-------
Melee: Hand axe          |    63 |    26 ||    89
       Tailslap          |     5 |     2 ||     7
Invok: Depart the Abyss  |     1 |       ||     1
  Use: Scroll            |     5 |     3 ||     8
       Potion            |     4 |     1 ||     5
  Eat: Ration            |     1 |       ||     1
Armor: Skin              |    15 |     9 ||    24
Dodge: Dodged            |    35 |     6 ||    41
